 Dungeon Crawl Stone Soup version 0.23.2-1-ga50397a (webtiles) character file.

Game seed: 6032848934225893681

37 Borgoz the Slasher (level 3, 0/22 HPs)
             Began as a Gargoyle Gladiator on May 15, 2019.
             Killed from afar by Natasha (8 damage)
             ... with a magic dart
             ... on level 2 of the Dungeon.
             The game lasted 00:01:03 (817 turns).

Borgoz the Slasher (Gargoyle Gladiator)              Turns: 817, Time: 00:01:05

Health: 0/22       AC: 12    Str: 17    XL:     3   Next: 39%
Magic:  3/3        EV:  8    Int:  8    God:
Gold:   81         SH:  0    Dex: 12    Spells: 2/2 levels left

rFire    . . .     SeeInvis .   b - +0 dagger (drain)
rCold    . . .     Gourm    .   (no shield)
rNeg     + . .     Faith    .   e - +0 chain mail
rPois    ∞         Spirit   .   c - +0 helmet
rElec    +         Reflect  .   (no cloak)
rCorr    .         Harm     .   (no gloves)
MR       .....                  (no boots)
Stlth    ..........             (no amulet)
HPRegen  0.07/turn              (no ring)
MPRegen  0.08/turn              (no ring)

@: no status effects
A: negative energy resistance 1, electricity resistance, unbreathing,
petrification resistance, rot immunity, AC +3
a: no special abilities


You were on level 2 of the Dungeon.
You were not hungry.

You visited 1 branch of the dungeon, and saw 2 of its levels.

You collected 81 gold pieces.

Inventory:

Hand Weapons
 a - a +0 long sword
 b - a +0 dagger of draining (weapon)
Missiles
 d - 3 throwing nets (quivered)
Armour
 c - a +0 helmet (worn)
 e - a +0 chain mail (worn)
Scrolls
 i - a scroll of immolation {unknown}
 k - 5 scrolls of identify {unknown}
 l - a scroll of teleportation {unknown}
 n - a scroll of magic mapping {unknown}
Potions
 g - a potion of brilliance {unknown}
 h - a potion of might {unknown}
 m - a potion of agility
Comestibles
 f - 5 rations
 j - 3 chunks of flesh


   Skills:
 + Level 2.6 Fighting
 * Level 3.1 Long Blades
 - Level 1.7 Throwing
 + Level 1.0 Armour
 * Level 2.8 Dodging


You had 2 spell levels left.
You didn't know any spells.
Your spell library was empty.

Dungeon Overview and Level Annotations

Branches:
Dungeon (2/15)

Altars:

Annotations:
D:2 Natasha


Innate Abilities, Weirdness & Mutations

You are resistant to torment.
Your stone body is resilient. (AC +3)
You are immune to poison.
You resist negative energy. (rN+)
You are resistant to electric shocks. (rElec)
You can survive without breathing.
You are immune to petrification.
You are immune to rotting.


Message History

Natasha casts a spell at you. The magic dart hits you.
You hit Natasha but do no damage. You drain Natasha.
Natasha is heavily wounded.
The white imp hits you but does no damage.
Natasha barely misses you.
You completely miss Natasha.
Natasha is heavily wounded.
The white imp hits you but does no damage.
Natasha claws you but does no damage.
You hit Natasha but do no damage.
Natasha is heavily wounded.
The white imp hits you but does no damage.
Natasha claws you.
You hit Natasha. You drain Natasha.
Natasha is almost dead.
The white imp hits you but does no damage.
Natasha casts a spell at you. The magic dart hits you!
You die...

.###### .#....#
.#.##.##### ########
.#...÷....# #......#
...#...##.# #......#
...<...##.# +......#..
##.#....#.#####....... .
...#.##.#...##..5..#....
.#......#.#.# #.@h......
.#......#.#.###÷##..#...
.###.#.##.....#.# .#
.###.#.##.#.#.#.# #
.....#.##.#.#...#
.###... #.#.##### ##
..#.# #.# ...


You could see Natasha and a white imp.

Vanquished Creatures
  Natasha (D:2)
  A leopard gecko (D:2)
  4 goblins (D:1)
  2 hobgoblins
  A ball python (D:1)
  A bat (D:1)
  A kobold (D:2)
11 creatures vanquished.

Notes
Turn   | Place    | Note
-------+----------+-------------------------------------------
     0 | D:1      | Borgoz the Gargoyle Gladiator began the quest for the Orb.
     0 | D:1      | Reached XP level 1. HP: 12/12 MP: 1/1
   338 | D:1      | Reached XP level 2. HP: 18/18 MP: 2/2
   774 | D:2      | Noticed Natasha
   793 | D:2      | Killed Natasha
   793 | D:2      | Reached skill level 3 in Long Blades
   793 | D:2      | Reached skill level 1 in Armour
   793 | D:2      | Reached XP level 3. HP: 14/22 MP: 3/3
   800 | D:2      | Noticed Natasha
   817 | D:2      | Killed from afar by Natasha

Skill      XL: |  1  2 |
---------------+-------+-----
Long Blades    | 3 |  3.1
Armour         | 1 |  1.0
Fighting       | |  2.6
Throwing       | |  1.7
Dodging        | |  2.8

Action                   || total
-------------------------++-------
Melee: Long sword        ||    56
       Dagger            ||    13
Armor: Chain mail        ||    41
       Leather armour    ||     5
Dodge: Dodged            ||    32
       Rpst.: Long sword ||     6
